 Dungeon Crawl Stone Soup version 0.28.0-47-ge53b351184 (webtiles) character file.

Game seed: 15262899713526100451

14500 Icepheonix32 the Frost Mage (level 11, -13/74 HPs)
             Began as a Demonspawn Ice Elementalist on May 4, 2022.
             Was a High Priest of Okawaru.
             Killed from afar by Fannar (14 damage)
             ... with a bolt of cold
             ... on level 11 of the Dungeon.
             The game lasted 00:27:56 (14097 turns).

Icepheonix32 the Frost Mage (DsIE)                 Turns: 14097, Time: 00:27:56

Health: -13/74     AC: 11    Str: 10    XL:     11   Next: 89%
Magic:  20/20      EV: 19    Int: 24    God:    Okawaru [*****.]
Gold:   436        SH:  5    Dex: 13    Spells: 4/22 levels left

rFire   + . .      SeeInvis .   i - +6 dagger of Twilight {vorpal, Int+4}
rCold   + . .      Faith    .   M - +0 buckler
rNeg    . . .      Spirit   .   j - +2 robe {Will+}
rPois   +          Reflect  .   (helmet restricted)
rElec   +          Harm     .   w - +2 cloak
rCorr   +          Rampage  +   c - +0 pair of gloves
Will    +....                   J - +2 pair of boots {rampage}
Stlth   +++.......              (no amulet)
HPRegen 0.22/turn               (no ring)
MPRegen 0.34/turn               (no ring)

@: resistant, on berserk cooldown, slowed, very slow
A: antennae 1, repulsion field 2, powered by pain 1, magic regeneration
a: Renounce Religion, Heroism, Finesse, Duel


You were on level 11 of the Dungeon.
You worshipped Okawaru.
Okawaru was extremely pleased with you.
You visited 2 branches of the dungeon, and saw 12 of its levels.
You also visited: Sewer and Ossuary.

You collected 668 gold pieces.
You spent 232 gold pieces at shops.

Inventory:

Hand Weapons
 i - the +6 dagger of Twilight (weapon) {vorpal, Int+4}
   (You found it on level 2 of the Dungeon)

   It inflicts extra damage upon your enemies.
   Int:       It affects your intelligence (+4).
 C - a +3 mace of draining
 H - the +6 short sword "Beetlebane" {venom, rElec rC+ Str+3 Stlth+}
   (You found it on level 6 of the Dungeon)

   It poisons the flesh of those it strikes.
   Str:       It affects your strength (+3).
   rC:        It protects you from cold.
   rElec:     It insulates you from electricity.
   Stlth:     It makes you more stealthy.
 T - a +2 vorpal scimitar
Missiles
 k - 40 poisoned darts
 l - 2 boomerangs
 y - 2 throwing nets
 E - a curare-tipped dart
Armour
 c - a +0 pair of gloves (worn)
 j - a +2 robe of willpower (worn)
 w - a +2 cloak (worn)
 B - a +2 robe of fire resistance
 F - a +2 tower shield
 J - a +2 pair of boots of rampaging (worn)
 M - a +0 buckler (worn)
 X - a +0 kite shield
Magical Staves
 h - a staff of death
Jewellery
 p - a ring of positive energy
 S - a +6 ring of strength
 U - a +6 ring of dexterity
Wands
 n - a wand of iceblast (9)
 A - a wand of polymorph (3)
 V - a wand of paralysis (14)
 W - a wand of digging (3)
 Y - a wand of mindburst (3)
 Z - a wand of flame (6)
Scrolls
 a - 3 scrolls of blinking
 b - 7 scrolls of immolation
 d - 2 scrolls of enchant weapon
 o - 3 scrolls of enchant armour
 q - 3 scrolls of vulnerability
 s - a scroll of brand weapon
 x - 3 scrolls of noise
 I - a scroll of magic mapping
 L - 3 scrolls of teleportation
 P - a scroll of amnesia
Potions
 e - a potion of degeneration {unknown}
 g - 3 potions of invisibility {unknown}
 m - 2 potions of lignification
 r - 2 potions of magic {unknown}
 t - 2 potions of mutation {unknown}
 u - a potion of ambrosia {unknown}
 v - 3 potions of might {unknown}
 z - 4 potions of brilliance {unknown}
 D - a potion of berserk rage
 G - 3 potions of curing
 K - 4 potions of heal wounds {unknown}
 N - 2 potions of flight {unknown}
 R - a potion of cancellation {unknown}


   Skills:
 + Level 2.9 Fighting
 + Level 4.0(4.6) Short Blades
 * Level 3.6(4.5) Long Blades
 + Level 0.1 Throwing
 * Level 10.0 Dodging
 + Level 4.1 Stealth
 * Level 4.6 Shields
 + Level 0.2 Unarmed Combat
 + Level 6.4 Spellcasting
 * Level 10.9 Ice Magic
 * Level 2.9 Invocations


You had 4 spell levels left.
You knew the following spells:

 Your Spells              Type           Power      Damage    Failure   Level
a - Freeze                Ice            100%       1d11      1%          1
b - Ozocubu's Armour      Ice            57%        N/A       1%          3
c - Frozen Ramparts       Ice            100%       1d12      1%          3
d - Hailstorm             Conj/Ice       33%        3d8       11%         4
e - Ozocubu's Refrigerat  Ice            28%        4d10      67%         7

Your spell library contained the following spells:

 Spells                   Type           Power      Damage    Failure   Level
 Beastly Appendage        Tmut           14%        N/A       10%         1
 Wereblood                Tmut           7%         N/A       14%         2
 Confusing Touch          Hex            7%         N/A       28%         3
 Conjure Flame            Conj/Fire      7%         6-21      28%         3
 Dazzling Flash           Conj/Hex       14%        N/A       28%         3
 Ignite Poison            Fire/Tmut/Pois 7%         N/A       28%         3
 Spider Form              Tmut/Pois      7%         N/A       28%         3
 Sticky Flame             Conj/Fire      7%         2d3       67%         4
 Agony                    Necr           7%         N/A       95%         5
 Silence                  Hex/Air        3%         N/A       95%         5
 Yara's Violent Unravell  Hex/Tmut       3%         3d4       95%         5
 Enfeeble                 Hex            3%         N/A       100%        7


Dungeon Overview and Level Annotations

Branches:
Dungeon (11/15)            Temple (1/1) D:6            Lair (0/6) D:10
  Sewer (visited)         Ossuary (visited)
    Orc: D:9-12

Altars:
Ashenzari
Cheibriados
Dithmenos
Elyvilon
Fedhas
Gozag
Hepliaklqana
Kikubaaqudgha
Makhleb
Nemelex Xobeh
Okawaru
Qazlal
Ru
Sif Muna
Trog
Uskayaw
Vehumet
Wu Jian
Xom
Yredelemnul
Zin
The Shining One

Shops:
D:8 (

Annotations:
D:11 Fannar


Innate Abilities, Weirdness & Mutations

You have a pair of small antennae on your head.
You are surrounded by a moderate repulsion field. (EV +3)
You sometimes gain a little power by taking damage.
You regenerate magic rapidly.


Message History

You barely miss Fannar.
Fannar is lightly wounded.
Unknown command.
You puncture Fannar!
Fannar is moderately wounded.
Fannar misses you.
You hit Fannar.
Fannar is moderately wounded.
You miss Fannar.
Fannar is moderately wounded.
Fannar barely misses you.
You hit Fannar but do no damage.
Fannar is moderately wounded.
You puncture Fannar!
Fannar is heavily wounded.
Fannar closely misses you.
You hit Fannar.
Fannar is severely wounded.
You hit Fannar.
Fannar is severely wounded.
Fannar casts a spell.
Fannar drains the heat from the surrounding environment!
You resist.
* * * LOW HITPOINT WARNING * * *
You closely miss Fannar.
Fannar is severely wounded.
You puncture Fannar!
Fannar is almost dead.
You are no longer berserk.
You are exhausted.
You feel yourself slow down.
Fannar mumbles some strange words.
Fannar drains the heat from the surrounding environment!
You resist.
* * * LOW HITPOINT WARNING * * *
You closely miss Fannar.
Fannar is almost dead.
Fannar casts a spell at you. The bolt of cold hits you! You resist.
You die...

#..≈≈≈≈ #..≈.≈≈
#.....≈
############.⌠....
#..............##.
#.##########..####
#.# #..)... #.#
##..... #@# #..###
#e# .#######.##
#.# .........# #.#
...####..# ...
.........#### #.#
...###......# #.#
. #....... ... #.
#.###. #...####
... #. #.#.. #.###


You could see Fannar.

Vanquished Creatures
  Harold (D:9)
  2 two-headed ogres
  2 cyclopes
  Pikel (D:5)
  An ugly thing (D:11)
  A gargoyle (D:10)
  An unseen horror (D:6)
  5 trolls
  2 hornets
  18 yaks
  A steam dragon (D:9)
  Menkaure (D:5)
  Edmund (D:5)
  Duvessa (D:4)
  Pargi (Sewer)
  6 orc warriors
  5 ice beasts
  3 ogres
  The ghost of dornbeast the Sneak, an amateur DsDe (D:3)
  3 centaurs
  A wolf (D:7)
  2 lemures (D:5)
  3 kobold brigands
  6 bullfrogs
  Blork the orc (D:5)
  3 elf zombies (Ossuary)
  5 gnoll sergeants
  A wyvern zombie (D:6)
  5 scorpions
  A water moccasin zombie (D:7)
  A wyvern skeleton (D:7)
  A water moccasin skeleton (D:6)
  Dowan (D:4)
  6 killer bees (D:11)
  13 wights
  6 centaur zombies
  8 hounds
  3 jellies
  Crazy Yiuf (D:6)
  5 orc priests
  4 gnoll shamans
  3 human zombies (Ossuary)
  Jessica (D:3)
  A centaur skeleton (D:6)
  10 orc wizards
  2 killer bee zombies
  2 hound zombies (Ossuary)
  A hound skeleton (D:4)
  3 mummies (Ossuary)
  3 howler monkey zombies
  21 gnolls
  A howler monkey skeleton (D:6)
  14 adders
  A shadow imp (D:6)
  2 white imps
  2 ufetubi (D:6)
  4 adder zombies (Ossuary)
  3 dart slugs
  24 orcs
  4 endoplasms
  8 giant cockroaches
  7 hobgoblins
  2 jackals (D:7)
  25 kobolds
  5 quokkas
  10 ball pythons
  3 bats (D:3)
  6 frilled lizards
  2 gnoll zombies (Ossuary)
  7 goblins
  6 goblin zombies (Ossuary)
  3 hobgoblin zombies (Ossuary)
  4 jackal zombies (Ossuary)
  3 kobold zombies (Ossuary)
  2 quokka zombies (Ossuary)
  4 rats
  5 rat zombies (Ossuary)
338 creatures vanquished.

Vanquished Creatures (others)
  A yak (D:10)
1 creature vanquished.

Grand Total: 339 creatures vanquished

Notes
Turn   | Place    | Note
-------+----------+-------------------------------------------
     0 | D:1      | Icepheonix32 the Demonspawn Ice Elementalist began the
                  | quest for the Orb.
     0 | D:1      | Reached XP level 1. HP: 13/13 MP: 3/3
   285 | D:1      | Gained mutation: You are surrounded by a mild repulsion
                  | field. (EV +2) [demonic ancestry]
   285 | D:1      | Reached XP level 2. HP: 3/19 MP: 3/5
   590 | D:1      | Found a faded altar of an unknown god.
  1418 | D:2      | Identified the +6 dagger of Twilight {vorpal, Int+4}
  1439 | D:2      | Gained mutation: You are surrounded by a moderate repulsion
                  | field. (EV +3) [demonic ancestry]
  1439 | D:2      | Reached XP level 3. HP: 21/24 MP: 4/6
  1450 | D:2      | Learned a level 3 spell: Ozocubu's Armour
  1454 | D:2      | Learned a level 3 spell: Frozen Ramparts
  2455 | D:3      | Reached XP level 4. HP: 26/30 MP: 8/8
  2470 | D:3      | Found a runed translucent gate.
  2470 | D:3      | Noticed dornbeast's ghost (amateur DsDe)
  2472 | D:3      | Found a runed translucent gate.
  2479 | D:3      | Noticed a kobold brigand
  2487 | D:3      | Found a runed translucent gate.
  3099 | D:3      | Noticed Jessica
  3104 | D:3      | Killed Jessica
  3105 | D:3      | Reached skill level 5 in Ice Magic
  3105 | D:3      | Reached XP level 5. HP: 35/35 MP: 6/9
  3227 | D:3      | Killed dornbeast's ghost
  3230 | D:3      | Reached XP level 6. HP: 34/41 MP: 1/10
  3345 | D:4      | Noticed Duvessa
  3349 | D:4      | Noticed Dowan
  3370 | D:4      | Killed Duvessa
  3384 | D:4      | Killed Dowan
  3901 | D:4      | Found a glowing drain.
  3928 | D:4      | Gained mutation: You have a pair of small antennae on your
                  | head. [demonic ancestry]
  3928 | D:4      | Reached XP level 7. HP: 46/46 MP: 4/11
  3935 | Sewer    | Entered a sewer
  4013 | Sewer    | Noticed Pargi
  4026 | Sewer    | Killed Pargi
  4344 | D:5      | Entered Level 5 of the Dungeon
  4452 | D:5      | Found a sand-covered staircase.
  4457 | Ossuary  | Entered an ossuary
  4848 | Ossuary  | Reached skill level 5 in Dodging
  4887 | Ossuary  | Reached XP level 8. HP: 30/52 MP: 7/12
  5265 | D:5      | Noticed Pikel
  5276 | D:5      | Killed Pikel
  5508 | D:5      | Noticed Blork the orc
  5599 | D:5      | Killed Blork the orc
  6112 | D:5      | Noticed Menkaure
  6126 | D:5      | Killed Menkaure
  6127 | D:5      | Gained mutation: You sometimes gain a little power by
                  | taking damage. [demonic ancestry]
  6127 | D:5      | Reached XP level 9. HP: 21/57 MP: 7/13
  6132 | D:5      | Learned a level 4 spell: Hailstorm
  6404 | D:5      | Noticed Edmund
  6413 | D:5      | Killed Edmund
  7138 | D:6      | Reached skill level 1 in Short Blades
  7279 | D:6      | Found a runed translucent door.
  7280 | D:6      | Noticed Crazy Yiuf
  7328 | D:6      | Found a staircase to the Ecumenical Temple.
  7504 | D:6      | Identified the +7 chain mail of the Stars {rPois rF- Will-
                  | MP+9}
  7509 | D:6      | Reached skill level 1 in Fighting
  7509 | D:6      | Reached skill level 1 in Shields
  7554 | D:6      | Noticed a two-headed ogre
  7562 | D:6      | Killed a two-headed ogre
  7564 | D:6      | Killed an unseen horror
  7565 | D:6      | Gained mutation: You regenerate magic rapidly. [demonic
                  | ancestry]
  7565 | D:6      | Reached XP level 10. HP: 14/66 MP: 6/16
  7628 | D:6      | Identified the +6 short sword "Beetlebane" {venom, rElec
                  | rC+ Str+3 Stlth+}
  8212 | D:6      | Killed Crazy Yiuf
  8419 | D:7      | Noticed a cyclops
  8485 | D:7      | Killed a cyclops
  8699 | Temple   | Entered the Ecumenical Temple
  8835 | Temple   | Became a worshipper of Warmaster Okawaru
  9201 | D:7      | Reached skill level 1 in Long Blades
  9275 | D:7      | Reached skill level 5 in Spellcasting
  9391 | D:7      | Reached * piety under Okawaru
 10706 | D:8      | Found Fiteckel's Antique Weapon Emporium.
 10718 | D:8      | Bought a twisted short sword for 232 gold pieces
 10718 | D:8      | Identified the +2 short sword of Giawn {holy, Drain rC+
                  | Int+3 Dex+2} (You bought it in a shop on level 8 of the
                  | Dungeon)
 10813 | D:8      | Reached ** piety under Okawaru
 10820 | D:8      | Reached skill level 10 in Ice Magic
 10822 | D:8      | Reached XP level 11. HP: 46/73 MP: 14/19
 11298 | D:9      | Noticed Harold
 11319 | D:9      | Killed Harold
 11346 | D:9      | Reached *** piety under Okawaru
 11741 | D:9      | Noticed a two-headed ogre
 11752 | D:9      | Killed a two-headed ogre
 12575 | D:10     | Entered Level 10 of the Dungeon
 12757 | D:10     | Found a shimmering altar of Xom.
 12771 | D:10     | Reached **** piety under Okawaru
 12772 | D:10     | Reached skill level 1 in Invocations
 12917 | D:10     | Identified a scroll of acquirement
 12917 | D:10     | Acquired Ozocubu's Autobiography
 12927 | D:10     | Learned a level 7 spell: Ozocubu's Refrigeration
 12975 | D:10     | Found a staircase to the Lair.
 13433 | D:11     | Noticed a brown ugly thing
 13451 | D:11     | Killed a brown ugly thing
 13451 | D:11     | Reached ***** piety under Okawaru
 13761 | D:11     | Reached skill level 10 in Dodging
 13988 | D:11     | Found an ancient bone altar of Kikubaaqudgha.
 14041 | D:11     | Noticed Fannar
 14096 | D:11     | HP: 1/74 [Fannar/refrigeration (7)]
 14097 | D:11     | Killed from afar by Fannar

Illustrated notes

Levels and vault maps discovered:
D:1:      lemuel_arrival_lava_pool, layout_basic,
          hellmonk_ecumenical_altar_arch_garden
D:2:      layout_basic, serial_corexii_hall, chequers_hall_statues_corner_a,
          corexii_hall_statues_t
D:3:      layout_basic, gammafunk_ghost_nasty_kobolds, uniq_jessica
D:4:      layout_basic, gup_sewer_entry_glass, uniq_duvessa
D:5:      layout_basic, enter_ossuary_5, serial_park_tiny_1,
          kennysheep_generic_room_4, uniq_pikel, uniq_menkaure, uniq_edmund,
          uniq_blork_the_orc
D:6:      kennysheep_windowed_halls, layout_basic,
          minmay_temple_entry_offerings, uniq_crazy_yiuf_cottage
D:7:      layout_cave_pools, serial_gnoll_camp, gnoll_camp_huts_basic,
          gnoll_camp_mini_house, gnoll_camp_mini_hut, gnoll_camp_mini_basic
D:8:      layout_loops_ring, serial_shops, nicolae_shop_advertising_works
          [nicolae_subvault_shop_adworks]
D:9:      layout_gridville, uniq_harold
D:10:     layout_loops_ring, xom_confusion_cloud, lair_entry_dummy
D:11:     layout_loops_ring, kiku_gazebo_pond_becter, uniq_fannar
Temple:   kilobyte_greek_temple

Skill      XL: |  1  2  3  4  5  6  7  8  9 10 11 |
---------------+----------------------------------+-----
Ice Magic      | 4 5 6 7 8 9 10 | 10.9
Spellcasting   | 3 4 5 6 |  6.4
Dodging        | 2 3 5 7 8 9 10 | 10.0
Stealth        | 2 3 4 |  4.1
Short Blades   | 2 3 4 |  4.0
Fighting       | 1 2 |  2.9
Shields        | 2 3 4 |  4.6
Long Blades    | 2 3 |  3.6
Invocations    | 2 |  2.9
Throwing       | |  0.1
Unarmed Combat | |  0.2

Action                   |  1- 3 |  4- 6 |  7- 9 | 10-12 || total
-------------------------+-------+-------+-------+-------++-------
Melee: Unarmed           |    33 |       |    10 |       ||    43
       Punch             |     3 |     1 |     2 |     1 ||     7
       Dagger            |    62 |    63 |   397 |   554 ||  1076
Throw: Boomerang         |       |       |    12 |       ||    12
 Cast: Freeze            |    33 |    12 |       |     1 ||    46
       Ozocubu's Armour  |     2 |     4 |    22 |    38 ||    66
       Frozen Ramparts   |       |     5 |    24 |    33 ||    62
Evoke: Wand              |       |       |       |     2 ||     2
  Use: Scroll            |     1 |     3 |     3 |    10 ||    17
       Potion            |       |       |     1 |     3 ||     4
 Stab: Sleeping          |     2 |     2 |     4 |     8 ||    16
       Distracted        |       |       |       |     2 ||     2
Armor: Robe              |    22 |    16 |   126 |   130 ||   294
       Skin              |       |       |     2 |       ||     2
Dodge: Dodged            |    81 |    58 |   411 |   444 ||   994
Block: Buckler           |       |       |       |    87 ||    87
